 Dungeon Crawl Stone Soup version 0.29.1-12-g30fa7ad0bf (webtiles) character file.

Game seed: 4041939097217961513

3469 xzight the Basher (level 9, -1/81 HPs)
             Began as a Minotaur Fighter on Dec 30, 2022.
             Was an Elder of Okawaru.
             Slain by an orc
             ... wielding a +0 mace
              (4 damage)
             ... on level 7 of the Dungeon.
             The game lasted 00:08:29 (6211 turns).

xzight the Basher (Minotaur Fighter)                Turns: 6211, Time: 00:08:30

Health: -1/81      AC: 12    Str: 26    XL:     9   Next: 79%
Magic:  20/20      EV:  8    Int:  5    God:    Okawaru [****..]
Gold:   323        SH:  5    Dex:  9    Spells: 8/8 levels left

rFire   . . .      SeeInvis .   u - +1 whip (holy)
rCold   . . .      Faith    .   c - +0 buckler
rNeg    . . .      Spirit   .   H - +0 chain mail
rPois   .          Reflect  .   (helmet restricted)
rElec   .          Harm     .   B - +0 cloak
rCorr   .          Rampage  .   (no gloves)
Will    .....                   (no boots)
Stlth   ..........              g - amulet of regeneration
HPRegen 1.03/turn               M - ring of magical power
MPRegen 0.17/turn               (no ring)

@: lethally poisoned (-1 -> -1), hasted and slowed
A: horns 2, retaliatory headbutt
a: Renounce Religion, Heroism, Finesse


You were on level 7 of the Dungeon.
You worshipped Okawaru.
Okawaru was greatly pleased with you.
You visited 2 branches of the dungeon, and saw 8 of its levels.
You also visited: Sewer.

You collected 323 gold pieces.


Innate Abilities, Weirdness & Mutations

You have a pair of horns on your head.
You reflexively headbutt those who attack you in melee.


   Skills:
 + Level 7.9 Fighting
 * Level 10.2 Maces & Flails
 + Level 7.9 Armour
 + Level 7.9 Shields
 + Level 4.6 Invocations


You had 8 spell levels left.
You didn't know any spells.
Your spell library contained the following spells:

 Spells                   Type           Power      Damage    Failure   Level
 Ensorcelled Hibernation  Hex/Ice        0%         N/A       99%         2
 Passwall                 Tmut/Erth      0%         N/A       99%         2
 Gell's Gravitas          Tloc           0%         N/A       100%        3
 Lesser Beckoning         Tloc           0%         N/A       100%        3
 Swiftness                Air            0%         N/A       100%        3
 Teleport Other           Tloc           0%         N/A       100%        3

Inventory:

Hand Weapons
 p - a +1 vampiric war axe
 u - a +1 whip of holy wrath (weapon)
Armour
 c - a +0 buckler (worn)
 B - a +0 cloak (worn)
 H - a +0 chain mail (worn)
Jewellery
 g - an amulet of regeneration (around neck)
 F - a ring of fire
 M - a ring of magical power (left hand)
Wands
 m - a wand of flame (13)
 x - a wand of roots (5)
 D - a wand of polymorph (13)
 E - a wand of digging (2)
Scrolls
 a - a scroll of poison {unknown}
 b - a scroll of brand weapon {unknown}
 f - 2 scrolls of identify {@r1}
 h - 5 scrolls of teleportation {@r2}
 r - a scroll of amnesia {unknown}
 t - a scroll of enchant armour {unknown}
 w - 4 scrolls of magic mapping
 y - 2 scrolls of blinking
 I - a scroll of enchant weapon {unknown}
Potions
 d - a potion of lignification {unknown}
 e - a potion of degeneration {unknown}
 i - a potion of mutation {unknown}
 j - a potion of flight
 k - a potion of heal wounds {unknown}
 l - a potion of curing {@q1}
 n - 2 potions of cancellation
 o - a potion of attraction {unknown}
 q - a potion of resistance {unknown}
 v - 2 potions of brilliance
 z - 2 potions of invisibility
 A - a potion of berserk rage {unknown}
 C - a potion of haste {@q3}
 G - a potion of magic {unknown}
 J - a potion of ambrosia {unknown}

Dungeon Overview and Level Annotations

Branches:
Dungeon (7/15)             Temple (1/1) D:4           Sewer (visited)

Altars:
Ashenzari
Cheibriados
Dithmenos
Elyvilon
Fedhas
Gozag
Hepliaklqana
Kikubaaqudgha
Makhleb
Nemelex Xobeh
Okawaru
Qazlal
Ru
Sif Muna
Trog
Uskayaw
Vehumet
Wu Jian
Xom
Yredelemnul
Zin
The Shining One

Annotations:
D:4 1 runed translucent door, Crazy Yiuf
D:5 2 transporters, xzight's ghost, novice GnFi

░░..░░.░..░.░░░░░..░ ###
..░░░░░.░..░.░░..░░░.░ #.#
░..░..░░.░..░.░░..░.. ###.#
.░░░)))░░.░..░..░░░.░ #...#
..░..░..░░.░.....░..░░ #...#
░░░.░░...░░.░..░░░... #...#
.░..░..░).░░.░..░..░░ ░######...#
░░.░░.░░...░░..░░o..░ ░..........
'..░..░..░..░░.'@y░ ░######...#
░░░░░░░░░░░░░░░░░░░░░░░######...#
..#.# #.......<................#
....####....................#)..#
............................#...#
....#####..#....##..........#.###
###..(..[.....................##.
# #####..######.#................
###....# #...........###...#


You could see a hornet and an orc.


Message History

The hornet stings you!
* * * LOW HITPOINT WARNING * * *
You suddenly lose the ability to move!
You feel very sick.
The hornet stings you but does no damage.
The hornet stings you.
* * * LOW HITPOINT WARNING * * *
You feel as though you will be slow longer.
You feel very sick. The hornet stings you!
* * * LOW HITPOINT WARNING * * *
You feel as though you will be slow longer.
You can move again.
You feel better. The hornet closely misses you. You furiously retaliate!
You headbutt the hornet. The hornet stings you.
* * * LOW HITPOINT WARNING * * *
You feel as though you will be slow longer.
You closely miss the hornet.
The hornet is severely wounded.
The hornet stings you!
* * * LOW HITPOINT WARNING * * *
You are poisoned.
You feel as though you will be slow longer.
The hornet stings you but does no damage.
It was a potion of haste.
You feel yourself speed up.
You feel very sick.
The hornet stings you but does no damage.
The orc barely misses you. You furiously retaliate!
You headbutt the orc. The hornet closely misses you.
The orc hits you with a +0 mace.
You die...

Skill      XL: |  1  2  3  4  5  6  7  8  9 |
---------------+----------------------------+-----
Maces & Flails | 3 4 5 6 7 8 10 | 10.2
Shields        | 4 5 6 7 |  7.9
Fighting       | 4 5 6 7 |  7.9
Armour         | 4 5 6 7 |  7.9
Invocations    | 2 3 4 |  4.6

Action                   |  1- 3 |  4- 6 |  7- 9 || total
-------------------------+-------+-------+-------++-------
Melee: Flail             |    69 |       |       ||    69
       Headbutt          |    11 |    26 |    79 ||   116
       War axe           |    25 |     3 |       ||    28
       Whip              |       |   150 |   400 ||   550
  Use: Potion            |       |       |     6 ||     6
       Scroll            |       |       |     7 ||     7
 Stab: Invisible         |       |       |     1 ||     1
Armor: Scale mail        |    39 |    31 |    82 ||   152
       Chain mail        |       |       |    93 ||    93
Dodge: Dodged            |    52 |    54 |   117 ||   223
Block: Buckler           |    12 |    26 |    79 ||   117

Levels and vault maps discovered:
D:1:      minmay_arrival_diagonal_passages, layout_loops_ring,
          hellmonk_ecumenical_altar_zigzags
D:2:      layout_loops_ring, serial_forest, infiniplex_forest_end_2,
          infiniplex_forest_3_way, infiniplex_forest_corner_1,
          infiniplex_forest_clump_medium, infiniplex_forest_end_1,
          infiniplex_forest_clump_small, infiniplex_forest_end_3,
          infiniplex_forest_lined_2
D:3:      layout_loops_ring, mainiacjoe_overflow_concentric_impassable,
          lemuel_coloured_pillars_altar, ebering_dispersal_statue_hall,
          dreamdust_mushroom_princess, chequers_serial_rivers_micro_e
D:4:      layout_loops_ring, temple_doors_e, hangedman_feature_mirror,
          supply_closet_lemuel, grunt_ministairs_6, uniq_crazy_yiuf_cottage
D:5:      layout_loops_ring, chequers_temple_overflow_statue_of_worship,
          grunt_temple_overflow_champion_of_chaos, gammafunk_ghost_arena,
          minivault_27, guppyfry_early_orc_mine, uniq_eustachio, uniq_sigmund,
          uniq_pikel, uniq_menkaure, uniq_ijyb
D:6:      layout_basic, portal_sewer_entry_f
D:7:      minmay_razor_zed, layout_rooms, marbit_many_paths
Temple:   nicolae_temple_no_exploring_needed

Notes
Turn   | Place    | Note
-------+----------+-------------------------------------------
     0 | D:1      | xzight the Minotaur Fighter began the quest for the Orb.
     0 | D:1      | Reached XP level 1. HP: 19/19 MP: 0/0
    81 | D:1      | Found a faded altar of an unknown god.
   250 | D:1      | Reached XP level 2. HP: 27/27 MP: 1/1
   337 | D:1      | Reached skill level 3 in Maces & Flails
   857 | D:2      | Reached skill level 4 in Shields
   897 | D:2      | Reached skill level 4 in Fighting
   897 | D:2      | Reached XP level 3. HP: 33/33 MP: 2/2
   928 | D:2      | Reached skill level 4 in Armour
  1636 | D:3      | Noticed a scorpion
  1646 | D:3      | Killed a scorpion
  1647 | D:3      | Reached skill level 4 in Maces & Flails
  1647 | D:3      | Reached XP level 4. HP: 33/41 MP: 3/3
  1861 | D:3      | Reached XP level 5. HP: 45/47 MP: 4/4
  2382 | D:3      | Found a bloodstained altar of Trog.
  2519 | D:3      | Found a stormy altar of Qazlal.
  2689 | D:4      | Reached skill level 5 in Maces & Flails
  2776 | D:4      | Noticed an ogre
  2792 | D:4      | Killed an ogre
  2793 | D:4      | Reached skill level 5 in Fighting
  2793 | D:4      | Reached skill level 5 in Armour
  2793 | D:4      | Reached skill level 5 in Shields
  2793 | D:4      | Reached XP level 6. HP: 47/56 MP: 5/5
  2958 | D:4      | Found a staircase to the Ecumenical Temple.
  3085 | Temple   | Entered the Ecumenical Temple
  3092 | Temple   | Became a worshipper of Warmaster Okawaru
  3608 | D:4      | Found a runed translucent door.
  3609 | D:4      | Noticed Crazy Yiuf
  3641 | D:5      | Entered Level 5 of the Dungeon
  3642 | D:5      | Found a hide-covered altar of Uskayaw.
  3643 | D:5      | Found a hazy altar of Hepliaklqana.
  3652 | D:5      | Reached skill level 6 in Maces & Flails
  3652 | D:5      | Reached XP level 7. HP: 60/61 MP: 6/6
  3698 | D:5      | Noticed a yak
  3740 | D:5      | Noticed Ijyb
  3749 | D:5      | Reached skill level 1 in Invocations
  3758 | D:5      | Killed Ijyb
  3809 | D:5      | Noticed Eustachio
  3832 | D:5      | Reached * piety under Okawaru
  3847 | D:5      | Noticed Pikel
  3866 | D:5      | Killed Eustachio
  3868 | D:5      | HP: 6/62 [lemure[Pikel] (6)]
  3963 | D:5      | Killed Pikel
  3963 | D:5      | Reached ** piety under Okawaru
  3964 | D:5      | Reached skill level 6 in Fighting
  3964 | D:5      | Reached skill level 7 in Maces & Flails
  3964 | D:5      | Reached skill level 6 in Armour
  3964 | D:5      | Reached skill level 6 in Shields
  3964 | D:5      | Reached skill level 2 in Invocations
  3964 | D:5      | Reached XP level 8. HP: 68/70 MP: 9/9
  3997 | D:5      | Noticed xzight's ghost (novice GnFi)
  4063 | D:5      | Noticed Menkaure
  4069 | D:5      | Killed Menkaure
  4070 | D:5      | Reached skill level 8 in Maces & Flails
  4098 | D:5      | Found a transporter.
  4099 | D:5      | Found a transporter.
  4182 | D:5      | Noticed Sigmund
  4211 | D:5      | Killed Sigmund
  4212 | D:5      | Reached skill level 3 in Invocations
  4604 | D:5      | Found a shimmering altar of Xom.
  4604 | D:5      | Found a burning altar of Makhleb.
  4625 | D:5      | Reached skill level 7 in Shields
  4815 | D:6      | Reached skill level 7 in Armour
  4815 | D:6      | Reached XP level 9. HP: 65/78 MP: 10/10
  4826 | D:6      | Reached skill level 7 in Fighting
  4905 | D:6      | Reached skill level 9 in Maces & Flails
  5078 | D:6      | Reached *** piety under Okawaru
  5211 | D:6      | Found a glowing drain.
  5242 | Sewer    | Entered a sewer
  5262 | Sewer    | Noticed Pargi
  5306 | Sewer    | Killed Pargi
  5307 | Sewer    | Reached skill level 4 in Invocations
  5986 | D:7      | Found a glowing golden altar of the Shining One.
  6084 | D:7      | Reached skill level 10 in Maces & Flails
  6104 | D:7      | Reached **** piety under Okawaru
  6206 | D:7      | Paralysed by a hornet for 3 turns
  6208 | D:7      | HP: 7/81 [hornet (12)]
  6211 | D:7      | HP: 3/81 [poisoned by a hornet]
  6211 | D:7      | Slain by an orc

Vanquished Creatures
  Pikel (D:5)
  Sigmund (D:5)
  Eustachio (D:5)
  A steam dragon (D:6)
  Menkaure (D:5)
  Pargi (Sewer)
  3 ice beasts
  2 orc warriors
  3 black bears (D:7)
  A sky beast (D:6)
  An ogre (D:4)
  2 lemures (D:5)
  2 phantoms
  A bullfrog (D:7)
  A kobold brigand (D:6)
  A necrophage (D:4)
  A scorpion (D:3)
  4 howler monkeys
  A crimson imp (D:5)
  A hound (D:5)
  5 jellies
  3 orc priests
  7 iguanas
  Ijyb (D:5)
  5 orc wizards
  3 gnolls (D:3)
  8 adders
  2 shadow imps
  A white imp (D:6)
  5 worms
  5 dart slugs
  26 orcs
  6 ball pythons
  3 bats
  4 endoplasms
  9 giant cockroaches
  4 goblins (D:1)
  5 hobgoblins
  4 jackals (D:3)
  7 quokkas
  3 frilled lizards
  10 kobolds
  7 rats
163 creatures vanquished.

Vanquished Creatures (others)
  4 fungi (D:3)
4 creatures vanquished.

Grand Total: 167 creatures vanquished

Table legend: (Time is in decaauts)
 A = Elapsed time spent in this place.
 B = Non-inter-level travel time spent in this place.
 C = Inter-level travel time spent in this place.
 D = Time resting spent in this place.
 E = Time spent auto-exploring this place.
 F = Levels seen in this place.
 G = Mean time per level.
                   A        B        C        D        E       F      G
               +--------+--------+--------+--------+--------+-----+--------+
         Total |   6151 |   5870 |    281 |     22 |   4576 |   9 |  683.4 |
       Dungeon |   5962 |   5688 |    274 |     22 |   4465 |   7 |  851.7 |
        Temple |     14 |      7 |      7 |      0 |      0 |   1 |   14.0 |
         Sewer |    174 |    174 |      0 |      0 |    110 |   1 |  174.0 |
               +--------+--------+--------+--------+--------+-----+--------+

Top non-repeatable levels by time:
     D:5: 1060 daAuts
     D:3: 966 daAuts
     D:4: 950 daAuts
     D:1: 907 daAuts
     D:2: 819 daAuts
     D:6: 789 daAuts
     D:7: 467 daAuts
   Sewer: 174 daAuts
  Temple: 14 daAuts

Table legend:
 A = Non-vault XP
 B = Vault XP
 C = Vault XP percentage of total XP
 D = Non-vault monster count
 E = Vault monster count
 F = Vault count percentage of total count
                 A         B        C        D         E       F
            +---------+---------+-------+---------+---------+-------
      Total |    2813 |    2144 |  43.3 |     127 |      34 |  21.1
            +---------+---------+-------+---------+---------+-------
        D:1 |      37 |       0 |   0.0 |      21 |       0 |   0.0
        D:2 |      53 |       0 |   0.0 |      17 |       0 |   0.0
        D:3 |     238 |       0 |   0.0 |      25 |       0 |   0.0
        D:4 |     335 |      65 |  16.2 |      14 |       4 |  22.2
        D:5 |     397 |    1559 |  79.7 |      15 |      13 |  46.4
        D:6 |     825 |      12 |   1.4 |      18 |       6 |  25.0
        D:7 |     928 |     367 |  28.3 |      17 |       6 |  26.1
      Sewer |       0 |     141 | 100.0 |       0 |       5 | 100.0
            +---------+---------+-------+---------+---------+-------
